 Dungeon Crawl Stone Soup version 0.20-a0-1017-gc3250ce (webtiles) character file.

441855 4thArraOfDagon the Sensei (level 23, -5/247 HPs)
             Began as a Barachi Monk on Apr 16, 2017.
             Was the Champion of Cheibriados.
             Slain by a vault warden
             ... wielding a +0 great sword of protection
              (30 damage)
             ... on level 4 of the Vaults.
             The game lasted 02:19:26 (18783 turns).

4thArraOfDagon the Sensei (Barachi Monk)           Turns: 18783, Time: 02:19:29

Health: -5/247     AC: 32    Str: 32    XL:     23   Next: 40%
Magic:  18/44      EV: 38    Int: 37    God:    Cheibriados [******]
Gold:   2491       SH: 10    Dex: 31    Spells: 23/48 levels left

rFire    . . .     SeeInvis .     - Unarmed
rCold    + + +     Gourm    .   O - +2 buckler {rF+}
rNeg     + . .     Faith    .   (armour currently unavailable)
rPois    ∞         Spirit   .   c - +2 helmet
rElec    +         Reflect  .   f - scarf {rC+}
rCorr    .         Harm     .   (gloves currently unavailable)
MR       +....                  (boots currently unavailable)
Stlth    ++........             q - amulet of regeneration
Regen    1.0/turn               s - ring of Hompau {Ice +Fly Int+5 Slay+3 Stlth-}
MPRegen  0.3/turn               V - +6 ring of evasion

@: statue-form, studying Spellcasting, very slow
A: +LOS, swims, cold resistance 1, deterioration 1, high mp 1, strong 1,
evolution 2, MP-powered wands, strong legs 2
}: 4/15 runes: barnacled, slimy, silver, gossamer
a: Hop, End Transformation, Bend Time, Temporal Distortion, Slouch, Step From
Time, Renounce Religion, Evoke Flight


You were on level 4 of the Vaults.
You worshipped Cheibriados.
Cheibriados was exalted by your worship.
You were hungry.
You were a stone statue.
You visited 8 branches of the dungeon, and saw 44 of its levels.
You visited the Abyss 1 time.
You also visited: Ice Cave.

You collected 4788 gold pieces.
You spent 2297 gold pieces at shops.

Inventory:

Missiles
 t - 12 throwing nets (quivered)
Armour
 c - a +2 helmet (worn)
 d - a +2 pair of boots of flying (melded)
 f - a scarf of cold resistance (worn)
 E - the +2 robe "Darull" (melded) {rElec Int+6}
   (You bought it in a shop on level 2 of the Shoals)

   It affects your intelligence (+6).
   It insulates you from electricity.
 O - a +2 buckler of fire resistance (worn)
Magical Staves
 p - an uncursed staff of wizardry {!a}
Jewellery
 o - the ring of Mifep {rC+ Str+2 Int+3}
   (You found it on level 5 of the Pits of Slime)

   [ring of protection from cold]

   It affects your strength (+2).
   It affects your intelligence (+3).
   It protects you from cold.
 q - an amulet of regeneration (around neck)
 s - the ring of Hompau (left hand) {Ice +Fly Int+5 Slay+3 Stlth-}
   (You took it off a deep elf demonologist on level 3 of the Elven Halls)

   [ring of ice]

   It enhances your ice magic.
   It affects your intelligence (+5).
   It affects your accuracy and damage with ranged weapons and melee attacks
   (+3).
   It makes you vulnerable to fire.
   It protects you from cold.
   It lets you fly.
   It makes you less stealthy.
 y - the ring of Contentment {rCorr rC+}
   (You found it on level 5 of the Pits of Slime)

   [ring of resist corrosion]

   It protects you from cold.
 B - an uncursed ring of positive energy
 K - an uncursed ring of protection from magic
 M - an uncursed ring of protection from fire
 V - a +6 ring of evasion (right hand)
Wands
 j - a wand of digging (4/24)
 r - a wand of clouds (0/9)
 u - a wand of confusion (42/48)
 X - a wand of digging (9/24)
Scrolls
 h - 8 scrolls of remove curse
 i - 4 scrolls of blinking
 n - 3 scrolls of recharging
 v - 4 scrolls of immolation
 w - 9 scrolls of teleportation
 x - 3 scrolls of amnesia
 C - 4 scrolls of identify
 F - a scroll of silence
 H - a scroll of fear
 J - 2 scrolls of enchant armour
 T - a scroll of fog
 U - a scroll of summoning
 W - a scroll of holy word
Potions
 a - 7 potions of magic
 k - 2 potions of brilliance
 l - 2 potions of agility
 z - 14 potions of curing
 A - 8 potions of flight
 G - 3 potions of might
 I - 3 potions of heal wounds
 P - 2 potions of invisibility
 S - 5 potions of ambrosia
 Z - 4 potions of mutation
Books
 N - a manual of Spellcasting
Miscellaneous
 e - a fan of gales
 g - a lamp of fire
 D - a box of beasts
 L - 3 sacks of spiders
 R - a crystal ball of energy
 Y - 5 phantom mirrors
Comestibles
 b - 19 bread rations
 m - 7 meat rations


   Skills:
 - Level 18.0 Fighting
 - Level 17.1 Dodging
 - Level 3.6 Stealth
 - Level 5.4 Shields
 - Level 23.1 Unarmed Combat
 * Level 13.0 Spellcasting
 - Level 3.7 Charms
 - Level 2.6 Necromancy
 - Level 3.1 Translocations
 - Level 9.8 Transmutations
 - Level 9.0 Earth Magic
 - Level 15.0 Invocations
 - Level 11.0 Evocations


You had 23 spell levels left.
You knew the following spells:

 Your Spells              Type           Power        Failure   Level  Hunger
a - Regeneration          Chrm/Necr      #####.....   1%          3    None
b - Blink                 Tloc           N/A          1%          2    None
c - Mephitic Cloud        Conj/Pois/Air  ###.....     6%          3    None
d - Statue Form           Tmut/Erth      #######..    6%          6    ###....
e - Apportation           Tloc           #####.       1%          1    None
f - Iron Shot             Conj/Erth      ######....   41%         6    ###....
g - Passage of Golubria   Tloc           N/A          6%          4    None


Dungeon Overview and Level Annotations

Branches:
Dungeon (15/15)            Temple (0/1) D:6            Lair (6/6) D:10
 Shoals (4/4) Lair:3       Spider (4/4) Lair:2        Slime (5/5) Lair:5
    Orc (2/2) D:11            Elf (3/3) Orc:2        Vaults (5/5) D:13
  Crypt: Vaults:2-3  Depths: D:15

Altars:
Cheibriados
Dithmenos
Makhleb
Okawaru
Ru
Uskayaw
Vehumet
Jiyva

Shops:
D:8 *   Orc:2 *:}(=   Shoals:2 [*}   Shoals:4 !   Vaults:1 =   Vaults:5 *

Annotations:
D:11 Dirtsage's ghost, journeyman VSSk
Elf:2 2 runed doors


Innate Abilities, Weirdness & Mutations

Shadows flee at your approach. (+LOS)
You can swim through water.
((You cover ground slowly.))
You can hop longer distances.
((You are partially covered in slimy green scales. (AC +2)))
((You are partially covered in thin metallic scales. (AC +2)))
Your flesh is cold resistant. (rC+)
Your body sometimes deteriorates upon taking damage.
You have an increased reservoir of magic. (+10% MP)
Your muscles are strong. (Str +2)
You rapidly evolve.
You expend magic power (3 MP) to strengthen your wands.


Message History

You kill the yaktaur!
Cheibriados thoroughly appreciates the change of pace.
You feel somewhat more hungry. The vault warden completely misses you.
The stone giant throws a large rock.
You block the large rock.
The vault warden hits you with a great sword of protection!
* * * LOW HITPOINT WARNING * * *
The ironheart preserver hits you with a dire flail!!
* * * LOW HITPOINT WARNING * * *
The vault warden hits you but does no damage.
Unknown command.
Unknown command.
Unknown command.
Unknown command.
You can feel time thicken for a moment.
You kill the stone giant!
Cheibriados thoroughly appreciates the change of pace.
Your Spellcasting skill increases to level 13!
You feel somewhat more hungry.
The vault warden hits you with a great sword of protection!!
You die...

########### .####
#......((.+ .#...#
#......p))# .+....#
#......)p8# #.....#
#.....[)p)# #.....##
#......)()# #.....#
#...)..)((# #.....
#....)..))##### #..<.
#.........#...# ##...
#....}...(+.>.# ##..
#.........#...#+#+# ##.
#####+######'##.'.########


You could see an ironheart preserver and 2 vault wardens.

Vanquished Creatures
  the Royal Jelly (Slime:5)
  Mennas (Vaults:3)
  The ghost of Fingolfin792 the Slingshot, a legendary HaHu of Okawaru (Vaults:4)
  Arachne (Spider:2)
  A lich (Vaults:5)
  2 tentacled monstrosities (Vaults:5)
  A quicksilver dragon (Vaults:5)
  3 deep elf master archers (Elf:3)
  2 titans (Vaults:5)
  17 acid blobs
  2 deep elf blademasters (Elf:3)
  A tentacled starspawn (Abyss:2)
  A sphinx (shapeshifter) (Vaults:5)
  2 sphinxes (Vaults:5)
  Kirke (Lair:4)
  Polyphemus (Shoals:3)
  3 shadow dragons
  6 tengu reavers
  4 storm dragons (Vaults:5)
  2 fire giants (Vaults:5)
  10 deep elf sorcerers
  11 azure jellies
  An orc warlord (Vaults:4)
  6 frost giants
  3 iron dragons (Vaults:5)
  6 emperor scorpions (Spider:4)
  4 ghost moths
  11 vault wardens
  Aizul (Spider:1)
  8 deep elf elementalists
  13 ironheart preservers
  8 stone giants
  5 war gargoyles (Vaults:5)
  A very ugly thing (Vaults:5)
  2 entropy weavers
  A lorocyproca (Abyss:2)
  3 deep elf demonologists (Elf:3)
  2 spark wasps (Spider:4)
  6 deep elf annihilators (Elf:3)
  7 ettins
  The ghost of Soeti the Cleaver, a journeyman FoFi of Okawaru (Lair:2)
  6 deep elf death magi
  3 merfolk javelineers
  9 great orbs of eyes
  8 death oozes
  10 deep elf high priests
  A fire dragon (Vaults:4)
  8 merfolk impalers
  2 rakshasas (Vaults:2)
  10 yaktaur captains
  Harold (Lair:1)
  2 ice dragons
  5 hydras
  26 vault guards
  7 merfolk aquamancers
  An alligator snapping turtle (Shoals:4)
  6 centaur warriors
  A catoblepas (Shoals:3)
  2 death knights
  25 two-headed ogres
  3 deep troll shamans
  9 ogre magi
  The ghost of herpmino the Cleaver, a novice FoFi of Ru (D:10)
  7 orc high priests (Orc:2)
  4 large abominations (Abyss:2)
  4 death yaks (Shoals:3)
  2 deep troll earth magi
  6 dancing weapons
  A thrashing horror (Abyss:2)
  5 deep elf knights
  5 wretched stars (Abyss:2)
  Nergalle (Lair:1)
  2 shadow wraiths
  A sea snake (shapeshifter) (Vaults:5)
  4 unseen horrors
  6 sea snakes
  10 ironbrand convokers
  21 deep trolls
  10 deep elf archers
  3 wizards
  A swamp dragon (shapeshifter) (Vaults:5)
  A necromancer (Vaults:3)
  23 deep elf magi
  2 phantasmal warriors (Vaults:5)
  13 orc knights
  3 orc sorcerers
  3 fauns (Shoals:2)
  7 harpies
  2 cyclopes
  16 wolf spiders
  7 shining eyes
  16 orb spiders
  8 ugly things
  10 manticores
  3 centaur zombies
  9 merfolk sirens
  A frost giant skeleton (Abyss:2)
  2 black mambas
  A moth of wrath (Spider:3)
  An apocalypse crab (Abyss:2)
  4 eyes of devastation
  11 vault sentinels
  A torpor snail (Spider:2)
  9 water nymphs
  21 spiny frogs
  2 gargoyles
  2 smoke demons (Abyss:2)
  2 centaur skeletons
  A rime drake (shapeshifter) (Vaults:3)
  4 freezing wraiths
  9 komodo dragons
  7 demonic crawlers
  A rime drake (D:13)
  40 yaktaurs
  3 ancient zymes (Abyss:2)
  24 jumping spiders
  A polar bear (Lair:5)
  5 wind drakes
  A merfolk (shapeshifter) (Vaults:5)
  6 trolls
  29 merfolk
  4 hornets
  59 slime creatures
  5 tyrant leeches (Lair:6)
  4 raiju (Abyss:2)
  10 dream sheep
  3 snapping turtles
  23 blink frogs
  11 hippogriffs
  A centaur simulacrum (D:14)
  3 wraiths
  3 flying skulls (Abyss:2)
  52 redbacks
  16 water elementals
  3 ynoxinuls (Abyss:2)
  A wyvern (Lair:5)
  23 yaks
  10 tarantellas
  3 hogs (Lair:5)
  2 basilisks
  3 fire elementals
  2 golden eyes (Slime:3)
  A chaos spawn (Abyss:2)
  2 hungry ghosts
  A neqoxec (Abyss:2)
  Grum (D:9)
  9 vampire mosquitoes
  2 wargs
  6 water moccasins
  An acid dragon (Vaults:1)
  A soldier ant (D:14)
  2 floating eyes
  7 porcupines
  19 ice beasts
  51 orc warriors
  An ice beast (shapeshifter) (Vaults:1)
  6 necrophages
  3 phantoms
  5 sky beasts
  A boggart (Vaults:2)
  4 eyes of draining
  14 centaurs
  37 ogres
  9 wolves
  12 crocodiles
  A big kobold (D:8)
  29 bullfrogs
  7 earth elementals
  A wyvern zombie (D:8)
  6 small abominations
  16 killer bees
  5 electric eels
  3 wights (D:14)
  6 crimson imps
  3 bullfrog skeletons
  2 bullfrog zombies
  4 hounds
  2 jellies
  21 orc wizards
  35 orc priests
  An iguana (D:7)
  10 worker ants
  10 gnolls
  8 adders
  5 shadow imps
  An ooze (D:5)
  2 adder skeletons
  A worm (D:3)
  4 dart slugs
  A leopard gecko (D:4)
  113 orcs
  3 ball pythons
  6 giant cockroaches
  14 goblins
  5 hobgoblins
  6 jackals
  3 quokkas
  7 bats
  3 frilled lizards
  8 kobolds
  A leopard gecko zombie (D:6)
  9 rats
  2 crawling corpses (Vaults:5)
1513 creatures vanquished.

Vanquished Creatures (collateral kills)
  An acid blob (Slime:5)
  A golden eye (Slime:3)
2 creatures vanquished.

Vanquished Creatures (others)
  A storm dragon (Vaults:5)
  A two-headed ogre (Vaults:3)
  A freezing wraith (Vaults:4)
  An ogre (Vaults:4)
  2 fungi (Lair:6)
  7 plants
  2 starspawn tentacles (Abyss:2)
15 creatures vanquished.

Grand Total: 1530 creatures vanquished

Notes
Turn   | Place    | Note
-------+----------+-------------------------------------------
     0 | D:1      | 4thArraOfDagon the Barachi Monk began the quest for the Orb.
     0 | D:1      | Reached XP level 1. HP: 20/20 MP: 1/1
   100 | D:1      | Reached skill level 1 in Unarmed Combat
   103 | D:1      | Reached XP level 2. HP: 17/26 MP: 2/2
   179 | D:2      | Reached skill level 5 in Fighting
   179 | D:2      | Reached skill level 2 in Unarmed Combat
   256 | D:2      | Reached XP level 3. HP: 4/33 MP: 3/3
   371 | D:3      | Found a faded altar of an unknown god.
   371 | D:3      | Found a radiant altar of Vehumet.
   376 | D:3      | Found a hide-covered altar of Uskayaw.
   378 | D:3      | Found a faded altar of an unknown god.
   379 | D:3      | Found a sacrificial altar of Ru.
   407 | D:3      | Became a worshipper of Cheibriados the Contemplative
   407 | D:3      | Reached * piety under Cheibriados
   407 | D:3      | Reached ** piety under Cheibriados
   700 | D:1      | Reached *** piety under Cheibriados
   870 | D:1      | Reached XP level 4. HP: 39/39 MP: 4/4
  1106 | D:3      | Reached **** piety under Cheibriados
  1144 | D:3      | Reached skill level 3 in Unarmed Combat
  1183 | D:3      | Reached skill level 1 in Invocations
  1322 | D:4      | Reached XP level 5. HP: 42/44 MP: 5/5
  1373 | D:4      | Learned a level 3 spell: Regeneration
  1440 | D:4      | Reached skill level 5 in Dodging
  1450 | D:4      | Reached skill level 4 in Unarmed Combat
  1484 | D:5      | Entered Level 5 of the Dungeon
  1491 | D:5      | Found a shadowy altar of Dithmenos.
  1562 | D:5      | Noticed a centaur
  1572 | D:5      | Killed a centaur
  1572 | D:5      | Reached XP level 6. HP: 38/51 MP: 7/7
  1625 | D:5      | Reached skill level 5 in Unarmed Combat
  1791 | D:5      | Noticed a sky beast
  1804 | D:5      | Killed a sky beast
  1804 | D:5      | Reached XP level 7. HP: 38/56 MP: 7/9
  1850 | D:5      | Gained mutation: Your muscles are strong. (Str +2) [mutagenic meat]
  1851 | D:5      | Gained mutation: You expend magic power (3 MP) to strengthen your wands. [mutagenic meat]
  1852 | D:5      | Gained mutation: You are partially covered in thin metallic scales. (AC +2) [mutagenic meat]
  1853 | D:5      | Gained mutation: Your system is resistant to poisons. (rPois) [mutagenic meat]
  1854 | D:5      | Gained mutation: Your flesh is cold resistant. (rC+) [mutagenic meat]
  1941 | D:5      | Reached skill level 6 in Unarmed Combat
  2113 | D:6      | Found a staircase to the Ecumenical Temple.
  2259 | D:6      | Reached ***** piety under Cheibriados
  2259 | D:6      | Reached skill level 7 in Unarmed Combat
  2259 | D:6      | Reached XP level 8. HP: 62/62 MP: 10/10
  2407 | D:6      | Reached skill level 8 in Unarmed Combat
  2488 | D:7      | Found Arer's Antique Weapon Shoppe.
  2490 | D:7      | Noticed a hippogriff
  2532 | D:7      | Killed a hippogriff
  2720 | D:7      | Reached skill level 9 in Unarmed Combat
  2800 | D:7      | Reached skill level 5 in Invocations
  2895 | D:7      | Reached XP level 9. HP: 65/68 MP: 12/12
  2959 | D:8      | Found an iron altar of Okawaru.
  2983 | D:8      | Reached skill level 10 in Unarmed Combat
  3037 | D:8      | Noticed a two-headed ogre
  3080 | D:8      | Found Cuajosost's General Store.
  3088 | D:8      | Bought 2 potions of heal wounds for 100 gold pieces
  3257 | D:8      | Got a jewelled quarterstaff
  3258 | D:8      | Identified the +7 quarterstaff of Tunethiu {protect, rElec Str+4 Int+3} (You found it on level 8 of the Dungeon)
  3463 | D:8      | Noticed Grum
  3518 | D:9      | Killed Grum
  3571 | D:8      | Killed a two-headed ogre
  3571 | D:8      | Reached skill level 11 in Unarmed Combat
  3571 | D:8      | Reached XP level 10. HP: 52/77 MP: 8/14
  3836 | D:10     | Entered Level 10 of the Dungeon
  3906 | D:10     | Noticed herpmino's ghost (novice FoFi)
  4052 | D:11     | Noticed Dirtsage's ghost (journeyman VSSk)
  4213 | D:11     | Reached skill level 1 in Spellcasting
  4213 | D:11     | Reached skill level 1 in Charms
  4232 | D:11     | Noticed a five-headed hydra
  4270 | D:10     | Found a staircase to the Lair.
  4537 | D:10     | Noticed a two-headed ogre
  4546 | D:10     | Killed a two-headed ogre
  4546 | D:10     | Reached skill level 12 in Unarmed Combat
  4546 | D:10     | Reached skill level 1 in Necromancy
  4690 | D:12     | Found a frozen archway.
  4718 | D:12     | Reached XP level 11. HP: 85/85 MP: 16/16
  4728 | IceCv    | Entered an ice cave
  4797 | IceCv    | Noticed a white ugly thing
  4817 | IceCv    | Killed a white ugly thing
  4928 | D:12     | Noticed a two-headed ogre
  4932 | D:12     | Killed a two-headed ogre
  5125 | D:13     | Noticed an ice dragon
  5195 | D:13     | Killed an unseen horror
  5199 | D:13     | Reached ****** piety under Cheibriados
  5340 | D:13     | Noticed a two-headed ogre
  5340 | D:13     | Noticed a two-headed ogre
  5362 | D:13     | Killed a two-headed ogre
  5362 | D:13     | Reached skill level 13 in Unarmed Combat
  5365 | D:13     | Killed a two-headed ogre
  5395 | D:13     | Found a gate to the Vaults.
  5395 | D:13     | Noticed a wizard
  5395 | D:13     | Noticed a two-headed ogre
  5400 | D:13     | Killed a two-headed ogre
  5408 | D:13     | Killed a wizard
  5516 | D:13     | Noticed a cyclops
  5516 | D:13     | Noticed a deep elf mage
  5517 | D:13     | Noticed a catoblepas
  5522 | D:14     | Killed a cyclops
  5522 | D:14     | Reached XP level 12. HP: 48/95 MP: 16/18
  5564 | D:14     | Noticed a centaur warrior
  5580 | D:14     | Killed a centaur warrior
  5617 | D:14     | Noticed an ettin
  5626 | D:14     | Killed an ettin
  5704 | D:14     | Reached skill level 14 in Unarmed Combat
  5705 | D:14     | Noticed a centaur warrior
  5714 | D:14     | Killed a centaur warrior
  5714 | D:14     | Reached skill level 10 in Fighting
  5748 | D:14     | Learned a level 2 spell: Blink
  5752 | D:14     | Learned a level 3 spell: Mephitic Cloud
  5921 | D:14     | Noticed a tengu warrior
  5951 | D:15     | Entered Level 15 of the Dungeon
  5951 | D:15     | Noticed a centaur warrior
  5953 | D:15     | Killed a centaur warrior
  5954 | D:15     | Reached skill level 10 in Dodging
  5957 | D:15     | Noticed a centaur warrior
  5965 | D:14     | Killed a centaur warrior
  5989 | D:14     | Noticed a two-headed ogre
  5995 | D:14     | Killed a two-headed ogre
  5995 | D:14     | Gained mutation: You can hop longer distances. [Barachi growth]
  5995 | D:14     | Reached XP level 13. HP: 68/104 MP: 10/19
  6041 | D:15     | Reached skill level 15 in Unarmed Combat
  6450 | D:11     | Reached skill level 16 in Unarmed Combat
  6450 | D:11     | Reached skill level 10 in Invocations
  6450 | D:11     | Reached XP level 14. HP: 103/113 MP: 16/21
  6494 | D:11     | Found a staircase to the Orcish Mines.
  6530 | Orc:1    | Entered Level 1 of the Orcish Mines
  6583 | Orc:2    | Entered Level 2 of the Orcish Mines
  6583 | Orc:2    | Found Fubun's Assorted Antiques.
  6636 | Orc:2    | Bought a potion of lignification for 75 gold pieces
  6828 | Orc:2    | Found a staircase to the Elven Halls.
  6873 | Orc:1    | Vidiiot: Have you tried Gnoll?
  6991 | Orc:2    | 4thArraOfDagon: yep
  6991 | Orc:2    | 4thArraOfDagon: they are amazing
  6998 | Orc:2    | Vidiiot: Haha are they? :p
  7005 | Orc:2    | Vidiiot: I keep dying in late game
  7018 | Orc:2    | Vidiiot: -6 apt sucks :(
  7230 | Orc:2    | 4thArraOfDagon: what combo ar you trying?
  7296 | Orc:2    | Found a burning altar of Makhleb.
  7577 | Orc:2    | Reached XP level 15. HP: 46/122 MP: 14/23
  7723 | Orc:2    | Reached skill level 17 in Unarmed Combat
  7743 | Orc:2    | Found Umite's Gadget Shop.
  7743 | Orc:2    | Found Riafapipp's Book Shop.
  7744 | Orc:2    | Found Vomowau's Jewellery Shop.
  7744 | Orc:2    | Found Hobluitt's Antique Weapon Boutique.
  7756 | Orc:2    | Bought a book of Transfigurations for 770 gold pieces
  7763 | Orc:2    | Learned a level 6 spell: Statue Form
  7922 | D:11     | Reached skill level 1 in Transmutations
  7922 | D:11     | Reached skill level 1 in Earth Magic
  7960 | D:10     | Killed herpmino's ghost
  7995 | Lair:1   | Entered Level 1 of the Lair of Beasts
  8021 | Lair:1   | Noticed Nergalle
  8036 | Lair:1   | Killed Nergalle
  8090 | Lair:1   | Noticed Harold
  8104 | Lair:1   | Killed Harold
  8257 | Lair:2   | Noticed Soeti's ghost (journeyman FoFi)
  8281 | Lair:2   | Killed Soeti's ghost
  8564 | Lair:5   | Noticed Kirke
  8574 | Lair:5   | Reached skill level 5 in Transmutations
  8586 | Lair:4   | Killed Kirke
  8670 | Lair:5   | Reached skill level 5 in Earth Magic
  8846 | Lair:5   | Found a runed door.
  8850 | Lair:5   | Found a viscous altar of Jiyva.
  8850 | Lair:5   | Noticed an acid blob
  8851 | Lair:5   | Found a staircase to the Slime Pits.
  8958 | Lair:6   | Entered Level 6 of the Lair of Beasts
  8975 | Lair:6   | Reached skill level 5 in Spellcasting
  9119 | Lair:5   | Found a snail-covered altar of Cheibriados.
  9397 | Lair:6   | Reached XP level 16. HP: 118/129 MP: 24/24
 10010 | Lair:2   | Found a hole to the Spider Nest.
 10062 | Spider:1 | Entered Level 1 of the Spider Nest
 10214 | Spider:1 | Noticed Aizul
 10219 | Spider:1 | Killed Aizul
 10497 | Spider:2 | Noticed Arachne
 10509 | Spider:2 | Killed Arachne
 10745 | Spider:3 | Reached skill level 1 in Evocations
 10856 | Spider:4 | Entered Level 4 of the Spider Nest
 11410 | Spider:3 | Reached XP level 17. HP: 135/135 MP: 21/27
 11511 | Spider:4 | Reached skill level 5 in Evocations
 11742 | Spider:4 | Got a gossamer rune of Zot
 12048 | Lair:3   | Found a staircase to the Shoals.
 12056 | Shoals:1 | Entered Level 1 of the Shoals
 12240 | Shoals:2 | Found Baowuch's Gadget Boutique.
 12303 | Shoals:2 | Found Buykicw's Weapon Shop.
 12351 | Shoals:2 | Found Ylonwoag's Armour Boutique.
 12354 | Shoals:2 | Bought the +2 robe "Darull" {rElec Int+6} for 596 gold pieces
 12373 | Shoals:2 | Found Funyfera's Assorted Antiques.
 12405 | Shoals:2 | Bought a scroll labeled MUOHAO VEAXT for 21 gold pieces
 12450 | Shoals:2 | Reached skill level 18 in Unarmed Combat
 12763 | Shoals:3 | Noticed Polyphemus
 12787 | Shoals:3 | Killed Polyphemus
 12961 | Shoals:4 | Entered Level 4 of the Shoals
 12985 | Shoals:4 | Reached XP level 18. HP: 145/145 MP: 18/28
 13021 | Shoals:4 | Found Ziegiff's Distillery.
 13094 | Shoals:4 | Got a barnacled rune of Zot
 13113 | Shoals:4 | Bought a potion of ambrosia for 168 gold pieces
 13113 | Shoals:4 | Bought a potion of magic for 168 gold pieces
 13113 | Shoals:4 | Bought a potion of heal wounds for 105 gold pieces
 13113 | Shoals:4 | Bought a potion of curing for 63 gold pieces
 13113 | Shoals:4 | Bought a potion of curing for 63 gold pieces
 13727 | Elf:1    | Entered Level 1 of the Elven Halls
 13824 | Elf:2    | Found a runed gate.
 13824 | Elf:2    | Found a runed gate.
 13954 | Elf:2    | Reached skill level 10 in Evocations
 14055 | Elf:3    | Entered Level 3 of the Elven Halls
 14307 | Elf:3    | Noticed a deep elf blademaster
 14310 | Elf:3    | Killed a deep elf blademaster
 14310 | Elf:3    | Reached skill level 19 in Unarmed Combat
 14412 | Elf:3    | Cast into level 2 of the Abyss (a deep elf demonologist)
 14477 | Abyss:2  | Reached XP level 19. HP: 153/153 MP: 29/29
 14713 | Elf:3    | Escaped the Abyss
 14794 | Elf:3    | Identified the +1 robe of Miracles {Int+6} (You took it off a deep elf sorcerer on level 3 of the Elven Halls)
 14798 | Elf:3    | Got a scorched ivory ring
 14832 | Elf:3    | Reached skill level 15 in Fighting
 14936 | Elf:3    | Learned a level 1 spell: Apportation
 14974 | Elf:3    | Identified the ring of Hompau {Ice +Fly Int+5 Slay+3 Stlth-} (You took it off a deep elf demonologist on level 3 of the Elven Halls)
 15394 | Slime:1  | Entered Level 1 of the Pits of Slime
 15402 | Slime:1  | Reached skill level 20 in Unarmed Combat
 15530 | Slime:3  | Paralysed by a floating eye for 2 turns
 15533 | Slime:2  | Paralysed by a great orb of eyes for 6 turns
 15637 | Slime:1  | Gained mutation: You are frail. (-10% HP) [a shining eye]
 15915 | Slime:3  | Reached XP level 20. HP: 146/146 MP: 25/30
 15925 | Slime:5  | Entered Level 5 of the Pits of Slime
 15939 | Slime:5  | Gained mutation: Your body sometimes deteriorates upon taking damage. [a shining eye]
 15940 | Slime:5  | Gained mutation: You occasionally shout uncontrollably at your foes. [a shining eye]
 15940 | Slime:5  | Gained mutation: Your spells are a little easier to cast, but a little less powerful. [a shining eye]
 15941 | Slime:5  | Gained mutation: Your body often deteriorates upon taking damage. [a shining eye]
 15941 | Slime:5  | Gained mutation: You sometimes yell uncontrollably at your foes. [a shining eye]
 16063 | Slime:5  | Gained mutation: You are dopey. (Int -2) [a shining eye]
 16187 | Slime:5  | Found a viscous altar of Jiyva.
 16198 | Slime:5  | Paralysed by a floating eye for 2 turns
 16211 | Slime:5  | Noticed the Royal Jelly
 16212 | Slime:5  | Gained mutation: Your flesh is heat resistant. (rF+) [a shining eye]
 16221 | Slime:5  | Killed the Royal Jelly
 16221 | Slime:5  | Reached skill level 15 in Dodging
 16261 | Slime:5  | Gained mutation: You are occasionally teleported next to monsters. [a shining eye]
 16262 | Slime:5  | Gained mutation: You are very frail. (-20% HP) [a shining eye]
 16286 | Slime:5  | Got a bloodstained scarf
 16288 | Slime:5  | Identified the cursed scarf of Rationality {+Fly Str+3} (You found it on level 5 of the Pits of Slime)
 16294 | Slime:5  | Got a bloodstained scarf
 16298 | Slime:5  | Got a slimy rune of Zot
 16313 | Slime:5  | Identified the Volume of the Displaced Mountains
 16321 | Slime:5  | Learned a level 6 spell: Iron Shot
 16324 | Slime:5  | Got a pitted glass ring
 16342 | Slime:5  | Lost mutation: You are very frail. (-20% HP) [potion of mutation]
 16342 | Slime:5  | Lost mutation: Your system is resistant to poisons. (rPois) [potion of mutation]
 16342 | Slime:5  | Lost mutation: Your spells are a little easier to cast, but a little less powerful. [potion of mutation]
 16342 | Slime:5  | Lost mutation: Your flesh is heat resistant. (rF+) [potion of mutation]
 16342 | Slime:5  | Lost mutation: You sometimes yell uncontrollably at your foes. [potion of mutation]
 16342 | Slime:5  | Lost mutation: You occasionally shout uncontrollably at your foes. [potion of mutation]
 16342 | Slime:5  | Gained mutation: You evolve. [potion of mutation]
 16342 | Slime:5  | Gained mutation: You are partially covered in slimy green scales. (AC +2) [potion of mutation]
 16343 | Slime:5  | Lost mutation: You are dopey. (Int -2) [potion of mutation]
 16343 | Slime:5  | Lost mutation: You are occasionally teleported next to monsters. [potion of mutation]
 16343 | Slime:5  | Gained mutation: You have an increased reservoir of magic. (+10% MP) [potion of mutation]
 16343 | Slime:5  | Gained mutation: You rapidly evolve. [potion of mutation]
 16346 | Slime:5  | Got a scorched lead ring
 16348 | Slime:5  | Got a steaming lead ring
 16375 | Slime:5  | Identified the scarf of the Sky {rElec rF+ Regen+ Dex+2 Slay-5} (You found it on level 5 of the Pits of Slime)
 16411 | Slime:5  | Identified the ring of Mifep {rC+ Str+2 Int+3} (You found it on level 5 of the Pits of Slime)
 16413 | Slime:5  | Identified the ring "Ymeqato" {*Slow +Blink Str+6 Dex+4} (You found it on level 5 of the Pits of Slime)
 16417 | Slime:5  | Identified the ring of Contentment {rCorr rC+} (You found it on level 5 of the Pits of Slime)
 16609 | Lair:2   | Lost mutation: You are frail. (-10% HP) [evolution]
 16867 | Vaults:1 | Entered Level 1 of the Vaults
 16934 | Vaults:1 | Reached skill level 21 in Unarmed Combat
 16983 | Vaults:1 | Found Diellol's Jewellery Shop.
 17127 | Vaults:3 | Got a glittering bone ring
 17128 | Vaults:3 | Identified the ring "Ehoruomm" {*Tele rElec rF+ rC- Dex+2} (You found it on level 3 of the Vaults)
 17241 | Vaults:3 | Noticed Mennas
 17247 | Vaults:3 | Killed Mennas
 17252 | Vaults:3 | Reached XP level 21. HP: 138/172 MP: 35/35
 17253 | Vaults:3 | Got an encrusted large shield
 17300 | Vaults:3 | Identified the cursed +0 large shield "Unloss" {rElec rPois Slay-4 Stlth+} (You took it off Mennas on level 3 of the Vaults)
 17689 | Vaults:5 | Entered Level 5 of the Vaults
 17719 | Vaults:4 | Reached skill level 22 in Unarmed Combat
 17812 | Vaults:5 | Reached XP level 22. HP: 183/183 MP: 12/36
 17821 | Vaults:5 | Learned a level 4 spell: Passage of Golubria
 17844 | Vaults:5 | Lost mutation: Your body often deteriorates upon taking damage. [evolution]
 17861 | Vaults:5 | Reached skill level 1 in Translocations
 18056 | Vaults:5 | Paralysed by a sphinx for 6 turns
 18242 | Vaults:5 | Reached skill level 1 in Shields
 18289 | Vaults:5 | Noticed a caustic shrike
 18290 | Vaults:5 | Found Ykuzoik's General Store.
 18295 | Vaults:5 | Bought a potion of brilliance for 96 gold pieces
 18295 | Vaults:5 | Bought a scroll of teleportation for 72 gold pieces
 18385 | Vaults:5 | Reached skill level 23 in Unarmed Combat
 18432 | Vaults:5 | Reached XP level 23. HP: 174/190 MP: 37/40
 18435 | Vaults:5 | Reached skill level 10 in Spellcasting
 18635 | Vaults:5 | Got a silver rune of Zot
 18693 | Vaults:4 | Reached skill level 5 in Shields
 18715 | Vaults:4 | Noticed Fingolfin792's ghost (legendary HaHu)
 18728 | Vaults:4 | Killed Fingolfin792's ghost
 18728 | Vaults:4 | Reached skill level 15 in Invocations
 18783 | Vaults:4 | Slain by a vault warden

Vault maps used:
D:1:      mrwooster_arrival_statue_3
D:2:      minmay_hexomino_f4
D:3:      chequers_temple_overflow_minitemple
D:5:      first_bread, nicolae_dithmenos_the_darkroom
D:6:      minmay_temple_entry_large_hall
D:7:      serial_shops, shop_statue, the_bakery
D:8:      tgw_xom, serial_shops, shop, okawaru_trees_1, uniq_grum
D:9:      grunt_temple_overflow_holy_war, nicolae_ru_sacrificial_ziggurat
D:10:     lair_entry_dummy
D:11:     erik_orc_2
D:12:     portal_ice_cave_entry_ice_beasts
D:13:     minmay_coctagon, david_vaults_1, lab_entry_generic,
          hangedman_decor_growths
D:14:     hourglass_vault, hangedman_abyss_or_decor_stabs, uniq_agnes
D:15:     hangedman_depths_entry_civil_slaughter,
          hangedman_abyss_or_decor_slice, aerie_lemuel
Lair:1:   uniq_nergalle, uniq_harold
Lair:2:   nicolae_spider_entry_orb_guardian, roderic_carrion_pond
Lair:3:   elwin_shoals_entry_stream, guppyfry_lair_drakes, grunt_megastairs_5
Lair:4:   serial_bayou_shore_a
Lair:5:   slime_altar_2, basic_altar, uniq_kirke
Lair:6:   minmay_lair_end_frog_pond
Shoals:2: serial_shops, nicolae_shop_window_shopping, nicolae_shop_stone,
          nicolae_shop_stone, shop
Shoals:3: uniq_polyphemus
Shoals:4: shoals_end_grunt_ice, shoals_ilsuiw_ice, serial_shops,
          nicolae_shop_waterfront
Spider:1: uniq_aizul
Spider:2: uniq_arachne, uniq_frances
Spider:3: hangedman_stitches_earthworm
Spider:4: grunt_spider_rune_circles
Slime:2:  uniq_donald
Slime:3:  nicolae_slime_barrier, cheibrodos_slime_lost_civilization_7
Slime:4:  uniq_dissolution
Orc:2:    st_orc_pillars, basic_altar, serial_shops, nicolae_shop_crystal
Elf:1:    elf_arrival_002, kennysheep_underground_church, grunt_ministairs_6
Elf:2:    wad_floor_pattern_untrapped
Elf:3:    minmay_elf_hall_furrowed, moated_statue, uniq_jorgrun
Vaults:1: hangedman_vaults_cutoff, grunt_vaults_bifocal, st_lines,
          nicolae_vaults_network_quincunx, v_misc_28,
          nicolae_vaults_angled_halls, vaults_room_stairs_pillars,
          nicolae_vaults_shelves_hall, nicolae_vaults_little_squares_1,
          vaults_dpeg_encased_lava, serial_shops, shop
Vaults:2: grunt_vaults_focal, dpeg_vaults_monster_box, v_misc_15,
          ontoclasm_vaults_ligature, nicolae_vaults_theta,
          blue_anna_dwarven_crypt, grunt_vaults_hallway_long,
          hangedman_vaults_stitches, special_room_vaults, v_pattern_5,
          vaults_dpeg_ring, v_misc_10, vaults_dpeg_hooks,
          nicolae_vaults_border_crossing, serial_shops,
          nicolae_shop_statue_plus, nicolae_shop_stone, shop, shop, shop_statue
Vaults:3: nicolae_vaults_shelves_hall, ontoclasm_vaults_decontamination,
          grunt_vaults_twisty, ontoclasm_vaults_eye, vaults_room_hallway,
          nicolae_vaults_circle_grid_b, nicolae_vaults_asterisk, v_misc_9,
          v_misc_23, uniq_mennas
Vaults:4: st_octagons_2, nicolae_vaults_diagonal_hallway_8,
          nicolae_vaults_gold_heap, vaults_room_pool, grunt_vaults_trifunnel,
          ontoclasm_vaults_twist, grunt_vaults_swirl,
          nicolae_vaults_little_squares_4, ontoclasm_vaults_ring_square,
          nicolae_vaults_yaktaur_gun_rack, nicolae_vaults_little_squares_6,
          vaults_room_fours, hangedman_vaults_slice, serial_shops,
          nicolae_shop_crystal
IceCv:    ice_cave_statue_garden_chambered

Skill      XL: |  1  2  3  4  5  6  7  8  9 10 11 12 13 14 15 16 17 18 19 20 21 22 23 |
---------------+----------------------------------------------------------------------+-----
Unarmed Combat | 1 2 3 4 5 7 9 11 12 13 14 16 17 18 19 20 21 22 23 | 23.1
Fighting       | 5 6 7 9 10 11 12 13 14 15 16 17 18 | 18.0
Invocations    | 1 2 3 5 6 8 9 10 11 12 13 14 15 | 15.0
Dodging        | 5 6 7 8 10 11 12 13 14 15 16 17 | 17.1
Spellcasting   | 2 5 7 9 13 | 13.0
Charms         | 2 3 |  3.7
Necromancy     | 2 |  2.6
Transmutations | 7 9 |  9.8
Earth Magic    | 7 9 |  9.0
Evocations     | 4 8 11 | 11.0
Translocations | 3 |  3.1
Shields        | 4 5 |  5.4
Stealth        | |  3.6

Action                   |  1- 3 |  4- 6 |  7- 9 | 10-12 | 13-15 | 16-18 | 19-21 | 22-24 || total
-------------------------+-------+-------+-------+-------+-------+-------+-------+-------++-------
Melee: Unarmed           |   174 |   157 |   196 |   417 |   844 |   902 |   723 |   321 ||  3734
       Punch             |     1 |     6 |    13 |    61 |   142 |   132 |   113 |    25 ||   493
 Cast: Regeneration      |       |       |       |    35 |    49 |    26 |    37 |    18 ||   165
       Statue Form       |       |       |       |       |       |    53 |    41 |    15 ||   109
       Apportation       |       |       |       |       |       |       |       |     9 ||     9
Invok: Slouch            |       |       |     2 |     8 |    17 |     7 |     7 |     5 ||    46
       Temporal Distorti |       |       |       |       |     1 |     1 |     2 |       ||     4
 Abil: Hop               |     1 |       |       |       |       |     1 |     2 |       ||     4
       End Transformatio |       |       |       |       |       |       |     6 |     1 ||     7
       Stop Flying       |       |       |       |       |       |       |       |     1 ||     1
Evoke: Wand              |       |       |     9 |     9 |     5 |    44 |     1 |       ||    68
       Fan of gales      |       |       |       |       |       |     1 |       |       ||     1
       Box of beasts     |       |       |       |       |       |       |     3 |       ||     3
  Use: Potion            |     5 |     1 |     1 |     3 |     3 |     3 |    13 |       ||    29
       Scroll            |       |     1 |     8 |    15 |     7 |    21 |    14 |     1 ||    67
 Stab: Sleeping          |     2 |     5 |     2 |     5 |     1 |     5 |     4 |       ||    24
       Confused          |       |       |     3 |       |       |     2 |       |       ||     5
       Paralysed         |       |       |    12 |     7 |       |       |       |       ||    19
       Distracted        |       |       |       |     1 |     1 |     3 |     1 |     1 ||     7
       Petrified         |       |       |       |       |       |     4 |       |       ||     4
  Eat: Chunk             |       |     2 |     6 |     8 |    13 |    11 |     5 |     1 ||    46
       Fruit             |       |       |     4 |     5 |       |     8 |       |     2 ||    19
       Royal jelly       |       |       |     1 |       |     2 |     4 |       |       ||     7
       Meat ration       |       |       |       |       |       |     2 |     4 |       ||     6
Armor: Robe              |    16 |       |       |       |       |    11 |     3 |     2 ||    32
       Skin              |     1 |     2 |       |       |       |   381 |   317 |    85 ||   786
       Scale mail        |    66 |    49 |     4 |       |       |       |       |       ||   119
       Ring mail         |       |       |    46 |    92 |    71 |       |       |       ||   209
       Troll leather arm |       |       |       |       |    96 |    31 |       |       ||   127
Dodge: Dodged            |   141 |   125 |   145 |   365 |   871 |  1485 |  1358 |   635 ||  5125
Block: Buckler           |       |       |       |       |       |       |       |   182 ||   182
